 Dungeon Sprint DCSS version 0.27-a0-1322-gfdffb62a71 (webtiles) character file.

Game seed: 1683854855706554731

242 mhtbhm the Blocker (level 5, -2/52 HPs)
             Began as a Minotaur Fighter on June 22, 2021.
             Was an Initiate of Yredelemnul.
             Slain by a fire elemental (10 damage)
             ... summoned by a deep elf pyromancer
             ... in the Dungeon (Sprint III: "The Ten Rune Challenge").
             The game lasted 00:01:13 (968 turns).

mhtbhm the Blocker (Minotaur Fighter)                Turns: 968, Time: 00:01:14

Health: -2/52      AC:  8    Str: 22    XL:     5   Next: 81%
Magic:  4/4        EV:  9    Int:  5    God:    Yredelemnul [......]
Gold:   49         SH: 11    Dex:  9    Spells: 4/4 levels left

rFire    . . .     SeeInvis .   a - +0 flail
rCold    . . .     Faith    .   c - +0 kite shield
rNeg     . . .     Spirit   .   b - +0 scale mail
rPois    .         Reflect  .   (helmet restricted)
rElec    .         Harm     .   (no cloak)
rCorr    .         Rampage  .   (no gloves)
Will     .....     NoTele   +   (no boots)
Stlth    ..........             (no amulet)
HPRegen  0.17/turn              (no ring)
MPRegen  0.09/turn              (no ring)

@: mighty
A: horns 2, retaliatory headbutt
a: Renounce Religion


You were in the Dungeon.
You worshipped Yredelemnul.
Yredelemnul was noncommittal.
You visited 1 branch You collected 49 gold pieces.

Inventory:

Hand Weapons
 a - a +0 flail (weapon)
Armour
 b - a +0 scale mail (worn)
 c - a +0 kite shield (worn)
Scrolls
 j - a scroll of blinking
 k - 3 scrolls of holy word {unknown}
 l - a scroll of identify {unknown}
 n - a scroll of enchant armour {unknown}
Potions
 e - a potion of curing
 f - 3 potions of mutation {unknown}
 g - a potion of haste
 h - 2 potions of magic
 m - a potion of cancellation {unknown}
 o - 2 potions of brilliance {unknown}


   Skills:
 + Level 7.5 Fighting
 + Level 7.5 Maces & Flails
 + Level 8.0 Armour
 + Level 1.6 Dodging
 + Level 8.5 Shields


You had 4 spell levels left.
You didn't know any spells.
Your spell library contained the following spells:

 Spells                   Type           Power      Damage    Failure   Level
 Beastly Appendage        Tmut           0%         N/A       96%         1
 Wereblood                Tmut           0%         N/A       99%         2
 Gell's Gravitas          Tloc           0%         N/A       100%        3
 Portal Projectile        Hex/Tloc       0%         N/A       100%        3
 Spider Form              Tmut/Pois      0%         N/A       100%        3
 Ice Form                 Ice/Tmut       0%         N/A       100%        4
 Passage of Golubria      Tloc           N/A        N/A       100%        4
 Manifold Assault         Tloc           0%         N/A       100%        5
 Dispersal                Tloc           0%         N/A       100%        6
 Disjunction              Tloc           0%         N/A       100%        8


Dungeon Overview and Level Annotations

Branches:
Dungeon (1/1)

Altars:
Dithmenos
Elyvilon
Kikubaaqudgha
Ru
Sif Muna
Vehumet
Yredelemnul
Zin
The Shining One


Innate Abilities, Weirdness & Mutations

You have a pair of horns on your head.
You reflexively headbutt those who attack you in melee.


Message History

The deep elf pyromancer shouts!
The deep elf pyromancer picks up a potion of curing.
There is an open door here.
You block the deep elf pyromancer's attack.
You closely miss the deep elf pyromancer.
The deep elf pyromancer casts a spell.
The deep elf pyromancer hits you with a +4 long sword of holy wrath!
You hit the deep elf pyromancer.
The deep elf pyromancer is lightly wounded.
The fire elemental hits you. The fire elemental burns you!
The fire elemental hits you. The fire elemental burns you!
You block the deep elf pyromancer's attack.
You are too injured to fight recklessly!
You are too injured to fight recklessly!
You are too injured to fight recklessly!
You are too injured to fight recklessly!
You are too injured to fight recklessly!
You are too injured to fight recklessly!
You are too injured to fight recklessly!
You are too injured to fight recklessly!
You are too injured to fight recklessly!
You are too injured to fight recklessly!
You are too injured to fight recklessly!
You are too injured to fight recklessly!
You are too injured to fight recklessly!
Unknown command.
You feel very mighty all of a sudden. You block the fire elemental's attack.
The fire elemental hits you. The fire elemental burns you!
* * * LOW HITPOINT WARNING * * *
The deep elf pyromancer closely misses you.
Unknown command.
You closely miss the deep elf pyromancer.
The deep elf pyromancer is lightly wounded.
The fire elemental closely misses you. You block the fire elemental's attack.
The fire elemental hits you.
* * * LOW HITPOINT WARNING * * *
The fire elemental burns you!
You die...
Your body rises from the dead as a mindless zombie.

▓▓▓▓▓▓▓▓▓ ▓▓▓ ..'.....♣
♣.##### #### ..#.....♣
♣♣.#_E_# #__# ###....♣♣
..#e@E# #._#
..#....≈♣♣♣♣♣.###'#+###)##
..#...≈≈.♣♣.♣.#..........#
..#..≈≈≈≈♣♣.♣.'.⌠........#
#'#..≈≈≈≈≈≈.♣.#...######+#
††#.≈≈≈≈≈≈....#.⌠.#
..#.≈≈≈≈≈.....#...#
..#.≈≈≈.......#)###
###...........#.).#


You could see a deep elf pyromancer and 2 fire elementals.

Vanquished Creatures
  A necrophage (D)
  A water elemental (D)
  A wizard (D)
  A necromancer (D)
  A human (D)
  A kobold demonologist (D)
  A phantom (D)
  2 endoplasms (D)
  2 rats (D)
11 creatures vanquished.

Notes
Turn   | Place    | Note
-------+----------+-------------------------------------------
     0 | D        | mhtbhm the Minotaur Fighter began the quest for the Orb.
     0 | D        | Reached XP level 1. HP: 19/19 MP: 0/0
   201 | D        | Reached skill level 5 in Shields
   201 | D        | Reached XP level 2. HP: 21/28 MP: 1/1
   354 | D        | Noticed a water elemental
   360 | D        | Killed a water elemental
   361 | D        | Reached skill level 5 in Maces & Flails
   361 | D        | Reached XP level 3. HP: 17/37 MP: 2/2
   361 | D        | Reached XP level 4. HP: 21/44 MP: 3/3
   571 | D        | Found a basalt altar of Yredelemnul.
   571 | D        | Found a shadowy altar of Dithmenos.
   571 | D        | Found a sacrificial altar of Ru.
   571 | D        | Noticed a necrophage
   580 | D        | Killed a necrophage
   581 | D        | Reached skill level 1 in Dodging
   581 | D        | Reached XP level 5. HP: 36/52 MP: 4/4
   743 | D        | Became a worshipper of Yredelemnul the Dark
   815 | D        | Found a radiant altar of Vehumet.
   816 | D        | Found a shimmering blue altar of Sif Muna.
   816 | D        | Found an ancient bone altar of Kikubaaqudgha.
   819 | D        | Noticed an orange demon
   827 | D        | Noticed a chaos spawn
   962 | D        | Found a glowing silver altar of Zin.
   962 | D        | Found a glowing golden altar of the Shining One.
   962 | D        | Found a white marble altar of Elyvilon.
   963 | D        | Noticed a deep elf pyromancer
   966 | D        | Noticed a fire elemental
   966 | D        | Noticed a fire elemental
   968 | D        | Slain by a fire elemental

Illustrated notes

Levels and vault maps discovered:
D:        dungeon_sprint_mu [sprint_mu_entry_forest, sprint_mu_temple_rooms,
          sprint_mu_d1_spiders, sprint_mu_d2_genie, sprint_mu_d3_branching,
          sprint_mu_orc_legion, sprint_mu_elf_gauntlet, sprint_mu_hive_nellie,
          sprint_mu_lair_fedhas, sprint_mu_vaults_butterflies,
          sprint_mu_slime_circle, sprint_mu_shoals_kraken,
          sprint_mu_snake_twists, sprint_mu_blade_basic,
          sprint_mu_crypt_chambers, sprint_mu_tomb_spiral,
          sprint_mu_vestibule_basic, sprint_mu_gehenna_hellfire,
          sprint_mu_dis_giant, sprint_mu_tartarus_statrot,
          sprint_mu_cocytus_islands, sprint_mu_zot1]

Skill      XL: |  1  2  3  4  5 |
---------------+----------------+-----
Fighting       | 4 6 7 |  7.5
Armour         | 4 6 7 8 |  8.0
Shields        | 5 6 7 8 |  8.5
Maces & Flails | 3 5 6 7 |  7.5
Dodging        | 1 |  1.6

Action                   |  1- 3 |  4- 6 || total
-------------------------+-------+-------++-------
Melee: Flail             |    32 |    29 ||    61
       Headbutt          |     5 |     3 ||     8
  Use: Potion            |     2 |     1 ||     3
Armor: Scale mail        |     7 |    10 ||    17
Dodge: Dodged            |     9 |     7 ||    16
Block: Kite shield       |    16 |    21 ||    37

Table legend: (Time is in decaauts)
 A = Elapsed time spent in this place.
 B = Non-inter-level travel time spent in this place.
 C = Inter-level travel time spent in this place.
 D = Time resting spent in this place.
 E = Time spent auto-exploring this place.
 F = Levels seen in this place.
 G = Mean time per level.
                   A        B        C        D        E       F      G
               +--------+--------+--------+--------+--------+-----+--------+
         Total |   1000 |   1000 |      0 |    753 |      1 |   1 | 1000.0 |
       Dungeon |   1000 |   1000 |      0 |    753 |      1 |   1 | 1000.0 |
               +--------+--------+--------+--------+--------+-----+--------+

Top non-repeatable levels by time:
       D: 1000 daAuts
